[ AOE2 MATCH · #488844723 ]
Team RMBritons vs Byzantines
[ REPLAY ANALYSIS · EXTRACTED FROM THE RECORDED GAME ]
Feudal
13:00
Castle
23:42
Imperial
43:58
| APM avg | 14.9 |
| APM peak | 50 |
| eAPM avg | 11.9 |
| Villagers / military | 155 / 304 |
Focus
⚔️ 34.1% · 🌾 65.9%
Spearman ×173 · Archer ×121 · Trebuchet (Packed) ×5 · Longbowman ×4 · Skirmisher ×1
Feudal
14:24
Castle
23:49
Imperial
44:02
| APM avg | 25.2 |
| APM peak | 103 |
| eAPM avg | 18.5 |
| Villagers / military | 121 / 536 |
Focus
⚔️ 57.2% · 🌾 42.8%
Archer ×182 · Spearman ×161 · Skirmisher ×96 · Militia ×60 · Trade Cart ×13 · Mangonel ×12
Feudal
11:54
Castle
20:37
Imperial
35:15
| APM avg | 11.7 |
| APM peak | 62 |
| eAPM avg | 9.6 |
| Villagers / military | 100 / 524 |
Focus
⚔️ 31.7% · 🌾 68.3%
Throwing Axeman ×227 · Spearman ×161 · Knight ×105 · Petard ×15 · Trade Cart ×7 · Bombard Cannon ×6
Feudal
10:08
Castle
21:22
Imperial
34:42
| APM avg | 23.1 |
| APM peak | 57 |
| eAPM avg | 18.1 |
| Villagers / military | 199 / 810 |
Focus
⚔️ 30.8% · 🌾 69.2%
Militia ×325 · Spearman ×210 · Scout Cavalry ×140 · Knight ×122 · Trebuchet (Packed) ×7 · Missionary ×5
Feudal
10:58
Castle
20:24
Imperial
35:01
| APM avg | 34.5 |
| APM peak | 104 |
| eAPM avg | 12.3 |
| Villagers / military | 79 / 339 |
Focus
⚔️ 54.0% · 🌾 46.0%
Scout Cavalry ×148 · Janissary ×98 · Camel Scout ×44 · Knight ×32 · Bombard Cannon ×16 · Trade Cart ×4
Feudal
15:02
Castle
23:07
Imperial
36:25
| APM avg | 26.5 |
| APM peak | 99 |
| eAPM avg | 17.3 |
| Villagers / military | 147 / 414 |
Focus
⚔️ 48.3% · 🌾 51.7%
Spearman ×207 · Battle Elephant ×157 · Scout Cavalry ×33 · Ballista Elephant ×10 · Trebuchet (Packed) ×7 · Trade Cart ×5
Match map
Initial resources + every placement click. Lines = walls · curves = elevation contours. ◆ gold · ⬟ stone · ● berries · ✦ relic · ◌ wall gap
Your base· ✓ Closed at 23:42 · 0t walls · 3 gate(s)
storm chaser629's base· ✓ Closed at 23:49 · 0t walls · 3 gate(s)
Kiddtobvl's base· ✓ Closed at 20:37 · 0t walls · 2 gate(s)
estebanpa's base· ✓ Closed at 21:22 · 0t walls · 2 gate(s)
Casy2210's base· ✓ Closed at 20:24 · 0t walls · 2 gate(s)
Seraphine's base· ✓ Closed at 23:07 · 0t walls · 2 gate(s)
Smoothed initial terrain · ◌ = detected wall gap · hover for details
Inputs per minute
— NDF - - storm chaser629
Build order — NDF
First 150 of 560 actions detected
| 0:08 | Build | House |
| 0:09 | Build | House |
| 0:17 | Create | Villager (Male) |
| 0:17 | Create | Villager (Male) |
| 0:18 | Create | Villager (Male) |
| 0:18 | Create | Villager (Male) |
| 0:18 | Create | Villager (Male) |
| 1:36 | Create | Villager (Male) |
| 1:52 | Create | Villager (Male) |
| 2:18 | Create | Villager (Male) |
| 2:33 | Create | Villager (Male) |
| 3:02 | Create | Villager (Male) |
| 3:26 | Create | Villager (Male) |
| 3:41 | Build | House |
| 4:05 | Create | Villager (Male) |
| 4:34 | Build | Mill |
| 4:45 | Create | Villager (Male) |
| 5:16 | Create | Villager (Male) |
| 5:23 | Create | Villager (Male) |
| 5:37 | Build | House |
| 6:02 | Create | Villager (Male) |
| 6:33 | Create | Villager (Male) |
| 6:46 | Build | Mill |
| 6:52 | Create | Villager (Male) |
| 7:18 | Create | Villager (Male) |
| 7:28 | Create | Villager (Male) |
| 8:05 | Create | Villager (Male) |
| 8:14 | Build | Lumber Camp |
| 8:44 | Build | House |
| 8:52 | Build | Mining Camp |
| 8:58 | Create | Villager (Male) |
| 9:22 | Create | Villager (Male) |
| 10:25 | Create | Villager (Male) |
| 10:36 | Research | Feudal Age |
| 10:37 | Research | Loom |
| 11:08 | Build | Mining Camp |
| 11:14 | Build | House |
| 12:48 | Build | Barracks |
| 12:57 | Create | Villager (Male) |
| 13:00 | Age | Feudal Age |
| 13:24 | Build | Market |
| 13:35 | Build | Blacksmith |
| 13:45 | Build | Archery Range |
| 13:48 | Create | Villager (Male) |
| 14:11 | Create | Villager (Male) |
| 14:18 | Build | Farm |
| 14:27 | Create | Villager (Male) |
| 15:06 | Create | Villager (Male) |
| 15:14 | Build | Farm |
| 15:40 | Build | Farm |
| 15:44 | Build | Farm |
| 15:48 | Create | Villager (Male) |
| 15:50 | Create | Villager (Male) |
| 15:55 | Create | Archer |
| 16:08 | Create | Villager (Male) |
| 16:14 | Build | House |
| 16:26 | Build | Mining Camp |
| 16:29 | Create | Villager (Male) |
| 16:46 | Create | Archer |
| 17:15 | Create | Archer |
| 17:25 | Build | Archery Range |
| 17:33 | Build | Farm |
| 17:41 | Create | Villager (Male) |
| 17:52 | Build | Farm |
| 17:57 | Create | Archer |
| 18:10 | Build | House |
| 18:14 | Build | House |
| 18:23 | Build | Farm |
| 18:25 | Create | Villager (Male) |
| 18:32 | Create | Archer |
| 18:37 | Create | Archer |
| 18:44 | Build | Farm |
| 18:50 | Create | Villager (Male) |
| 18:59 | Build | House |
| 19:00 | Build | House |
| 19:02 | Build | House |
| 19:05 | Build | House |
| 19:07 | Build | House |
| 19:13 | Create | Villager (Male) |
| 19:21 | Build | Farm |
| 19:31 | Create | Archer |
| 19:33 | Create | Archer |
| 19:45 | Build | Farm |
| 19:57 | Create | Villager (Male) |
| 20:13 | Build | Farm |
| 20:24 | Create | Archer |
| 20:27 | Create | Archer |
| 20:37 | Create | Villager (Male) |
| 20:47 | Build | Farm |
| 21:02 | Research | Castle Age |
| 21:09 | Build | Farm |
| 21:14 | Create | Archer |
| 21:17 | Create | Archer |
| 21:36 | Build | House |
| 21:37 | Build | House |
| 21:46 | Create | Archer |
| 21:49 | Create | Archer |
| 22:08 | Create | Archer |
| 22:17 | Create | Villager (Male) |
| 22:27 | Research | Horse Collar |
| 22:32 | Research | Double-Bit Axe |
| 22:37 | Research | Gold Mining |
| 22:40 | Research | Stone Mining |
| 22:48 | Create | Archer |
| 22:51 | Create | Archer |
| 23:02 | Build | Archery Range |
| 23:11 | Build | House |
| 23:13 | Build | House |
| 23:20 | Create | Villager (Male) |
| 23:34 | Research | Padded Archer Armor |
| 23:42 | Age | Castle Age |
| 23:48 | Create | Archer |
| 23:50 | Create | Archer |
| 23:54 | Create | Archer |
| 24:21 | Create | Villager (Male) |
| 24:32 | Build | Town Center |
| 24:36 | Create | Villager (Male) |
| 24:44 | Research | Crossbowman (upgrade) |
| 24:47 | Create | Archer |
| 24:53 | Create | Villager (Male) |
| 25:37 | Create | Villager (Male) |
| 25:40 | Build | Farm |
| 25:53 | Research | Leather Archer Armor |
| 25:58 | Create | Villager (Male) |
| 25:59 | Create | Villager (Male) |
| 26:28 | Create | Archer |
| 26:31 | Create | Archer |
| 26:46 | Build | Castle |
| 26:51 | Create | Villager (Male) |
| 26:54 | Create | Villager (Male) |
| 26:55 | Create | Villager (Male) |
| 27:05 | Build | Lumber Camp |
| 27:15 | Build | Lumber Camp |
| 27:24 | Create | Villager (Male) |
| 27:26 | Create | Villager (Male) |
| 27:33 | Create | Archer |
| 27:38 | Create | Archer |
| 27:44 | Create | Archer |
| 27:45 | Create | Archer |
| 27:57 | Research | Squires |
| 28:01 | Research | Pikeman (upgrade) |
| 28:09 | Create | Villager (Male) |
| 28:25 | Create | Archer |
| 28:28 | Create | Archer |
| 28:32 | Create | Archer |
| 28:53 | Create | Archer |
| 28:56 | Create | Archer |
| 29:02 | Create | Villager (Male) |
| 29:02 | Create | Villager (Male) |
| 29:11 | Create | Villager (Male) |
Build order — storm chaser629
First 150 of 883 actions detected
| 0:18 | Build | House |
| 0:20 | Build | House |
| 0:21 | Build | House |
| 0:22 | Research | Loom |
| 0:23 | Create | Villager (Male) |
| 0:23 | Create | Villager (Male) |
| 0:23 | Create | Villager (Male) |
| 0:50 | Build | House |
| 0:57 | Create | Villager (Male) |
| 2:19 | Create | Villager (Male) |
| 2:33 | Build | Mill |
| 2:57 | Create | Villager (Male) |
| 3:19 | Create | Villager (Male) |
| 3:47 | Create | Villager (Male) |
| 4:01 | Create | Villager (Male) |
| 4:27 | Create | Villager (Male) |
| 4:41 | Create | Villager (Male) |
| 5:09 | Create | Villager (Male) |
| 5:19 | Create | Villager (Male) |
| 5:44 | Create | Villager (Male) |
| 5:49 | Create | Villager (Male) |
| 6:21 | Create | Villager (Male) |
| 6:23 | Create | Villager (Male) |
| 6:44 | Create | Villager (Male) |
| 6:49 | Create | Villager (Male) |
| 7:18 | Create | Villager (Male) |
| 7:24 | Create | Villager (Male) |
| 7:29 | Create | Villager (Male) |
| 8:03 | Create | Villager (Male) |
| 8:14 | Build | Farm |
| 8:27 | Create | Villager (Male) |
| 9:06 | Create | Villager (Male) |
| 9:44 | Build | House |
| 9:50 | Build | House |
| 9:54 | Build | House |
| 10:23 | Create | Villager (Male) |
| 10:24 | Create | Villager (Male) |
| 10:24 | Create | Villager (Male) |
| 10:25 | Create | Villager (Male) |
| 10:25 | Create | Villager (Male) |
| 10:26 | Create | Villager (Male) |
| 10:26 | Create | Villager (Male) |
| 10:48 | Build | Lumber Camp |
| 10:52 | Create | Villager (Male) |
| 10:52 | Create | Villager (Male) |
| 10:53 | Create | Villager (Male) |
| 11:31 | Build | Mining Camp |
| 11:44 | Research | Feudal Age |
| 11:45 | Create | Villager (Male) |
| 11:54 | Build | Mining Camp |
| 12:04 | Build | Mill |
| 12:16 | Create | Villager (Male) |
| 12:38 | Build | House |
| 12:40 | Build | House |
| 12:41 | Build | House |
| 12:45 | Build | House |
| 12:48 | Build | House |
| 12:53 | Build | House |
| 12:55 | Build | House |
| 12:59 | Build | House |
| 13:03 | Build | House |
| 13:06 | Build | House |
| 13:11 | Build | House |
| 14:01 | Build | Farm |
| 14:02 | Build | Farm |
| 14:04 | Build | Farm |
| 14:09 | Build | Farm |
| 14:24 | Age | Feudal Age |
| 14:27 | Build | Farm |
| 14:45 | Research | Horse Collar |
| 14:48 | Research | Double-Bit Axe |
| 14:54 | Build | Farm |
| 14:56 | Build | Farm |
| 15:18 | Create | Villager (Male) |
| 15:19 | Create | Villager (Male) |
| 15:19 | Create | Villager (Male) |
| 15:22 | Build | Farm |
| 15:32 | Build | Farm |
| 15:46 | Build | Farm |
| 16:00 | Build | Farm |
| 16:23 | Research | Wheelbarrow |
| 16:25 | Create | Villager (Male) |
| 16:34 | Build | House |
| 16:36 | Build | House |
| 16:39 | Build | House |
| 16:51 | Build | Farm |
| 16:54 | Build | Farm |
| 17:00 | Build | Farm |
| 17:08 | Build | Farm |
| 17:11 | Create | Villager (Male) |
| 17:30 | Build | Farm |
| 17:54 | Build | Market |
| 18:07 | Research | Gold Mining |
| 18:18 | Build | Farm |
| 18:24 | Create | Villager (Male) |
| 18:24 | Create | Villager (Male) |
| 18:53 | Build | Blacksmith |
| 18:59 | Research | Stone Mining |
| 19:06 | Create | Villager (Male) |
| 19:06 | Create | Villager (Male) |
| 19:13 | Build | Farm |
| 19:37 | Create | Villager (Male) |
| 20:16 | Create | Villager (Male) |
| 20:51 | Build | Barracks |
| 20:55 | Research | Castle Age |
| 21:01 | Create | Villager (Male) |
| 21:02 | Create | Villager (Male) |
| 21:18 | Research | Scale Mail Armor |
| 21:18 | Research | Forging |
| 21:20 | Research | Fletching |
| 21:33 | Research | Padded Archer Armor |
| 22:41 | Build | Archery Range |
| 22:46 | Research | Man-at-Arms (upgrade) |
| 22:47 | Research | Arson |
| 23:01 | Build | Stable |
| 23:49 | Age | Castle Age |
| 24:00 | Research | Bow Saw |
| 24:04 | Research | Gold Shaft Mining |
| 24:06 | Research | Heavy Plow |
| 24:09 | Research | Hand Cart |
| 24:15 | Research | Stone Shaft Mining |
| 24:36 | Create | Villager (Male) |
| 24:46 | Build | Gate |
| 24:49 | Research | Elite Skirmisher (upgrade) |
| 25:04 | Build | Monastery |
| 25:29 | Build | Castle |
| 25:46 | Create | Villager (Male) |
| 25:46 | Create | Villager (Male) |
| 25:58 | Research | Caravan |
| 25:59 | Create | Trade Cart |
| 26:21 | Research | Husbandry |
| 26:22 | Research | Light Cavalry (upgrade) |
| 26:35 | Build | University |
| 26:59 | Build | Town Center |
| 27:01 | Create | Villager (Male) |
| 27:01 | Create | Villager (Male) |
| 27:02 | Create | Villager (Male) |
| 27:02 | Create | Villager (Male) |
| 27:09 | Create | Monk |
| 27:24 | Research | Squires |
| 27:25 | Research | Long Swordsman (upgrade) |
| 27:29 | Create | Spearman |
| 27:29 | Create | Spearman |
| 27:30 | Create | Spearman |
| 27:30 | Create | Spearman |
| 27:30 | Create | Spearman |
| 27:31 | Create | Spearman |
| 27:31 | Create | Spearman |
| 27:41 | Create | Villager (Male) |
| 27:46 | Create | Villager (Male) |
Build order — Kiddtobvl
First 150 of 334 actions detected
| 0:05 | Build | House |
| 0:08 | Build | House |
| 0:28 | Create | Villager (Male) ×4 |
| 0:54 | Build | Lumber Camp |
| 1:44 | Create | Villager (Male) |
| 2:29 | Create | Villager (Male) |
| 2:52 | Create | Villager (Male) |
| 3:23 | Create | Villager (Male) |
| 3:44 | Build | House |
| 3:50 | Create | Villager (Male) |
| 3:52 | Create | Villager (Male) |
| 4:25 | Create | Villager (Male) |
| 4:27 | Create | Villager (Male) |
| 4:45 | Build | House |
| 4:50 | Create | Villager (Male) |
| 5:28 | Build | Mill |
| 5:51 | Create | Villager (Male) |
| 6:25 | Create | Villager (Male) |
| 6:28 | Create | Villager (Male) |
| 6:29 | Create | Villager (Male) |
| 6:39 | Build | Mill |
| 7:49 | Create | Villager (Male) |
| 8:04 | Build | Mining Camp |
| 8:08 | Create | Villager (Male) |
| 8:42 | Create | Villager (Male) |
| 9:07 | Build | Barracks |
| 9:09 | Build | House |
| 9:44 | Research | Feudal Age |
| 10:35 | Create | Villager (Male) ×2 |
| 10:46 | Build | House |
| 10:47 | Build | House |
| 11:54 | Age | Feudal Age |
| 12:04 | Build | Market |
| 12:06 | Build | Blacksmith |
| 12:13 | Create | Villager (Male) |
| 12:22 | Create | Villager (Male) |
| 12:59 | Build | Archery Range |
| 13:05 | Build | Stable |
| 13:13 | Create | Villager (Male) ×2 |
| 13:21 | Create | Villager (Male) |
| 13:25 | Create | Villager (Male) |
| 13:48 | Create | Villager (Male) |
| 13:56 | Build | Farm |
| 13:59 | Build | Farm |
| 14:02 | Build | Farm |
| 14:10 | Create | Villager (Male) |
| 14:55 | Build | Farm |
| 15:02 | Build | Farm |
| 15:18 | Create | Archer ×5 |
| 15:30 | Research | Man-at-Arms (upgrade) |
| 15:44 | Build | Mining Camp |
| 16:02 | Create | Villager (Male) |
| 17:18 | Build | House |
| 17:19 | Build | House |
| 17:21 | Build | House |
| 17:48 | Research | Scale Barding Armor |
| 17:49 | Research | Forging |
| 17:58 | Research | Castle Age |
| 18:04 | Research | Scale Mail Armor |
| 18:44 | Build | House |
| 18:45 | Build | House |
| 18:55 | Create | Villager (Male) ×2 |
| 19:01 | Create | Villager (Male) ×5 |
| 19:38 | Build | Farm |
| 19:40 | Build | Farm |
| 19:43 | Build | Farm |
| 19:49 | Build | Farm |
| 19:52 | Build | Farm |
| 19:56 | Build | Farm |
| 20:37 | Age | Castle Age |
| 20:40 | Build | Town Center |
| 20:50 | Build | Lumber Camp |
| 21:09 | Create | Villager (Male) |
| 21:15 | Create | Knight ×4 |
| 21:58 | Research | Scale Barding Armor |
| 22:10 | Create | Villager (Male) ×2 |
| 22:17 | Create | Villager (Male) ×2 |
| 22:44 | Build | Gate |
| 22:58 | Create | Villager (Male) ×3 |
| 23:17 | Create | Villager (Male) |
| 23:17 | Create | Villager (Male) |
| 23:17 | Create | Villager (Male) |
| 23:28 | Build | Stable |
| 23:46 | Build | Town Center |
| 24:08 | Create | Villager (Male) |
| 24:14 | Create | Villager (Male) ×3 |
| 24:44 | Build | Lumber Camp |
| 25:00 | Create | Villager (Male) ×4 |
| 25:15 | Build | Stable |
| 26:10 | Create | Trade Cart ×2 |
| 26:15 | Create | Villager (Male) |
| 26:18 | Build | Farm |
| 26:26 | Create | Villager (Male) ×5 |
| 26:33 | Create | Villager (Male) |
| 26:38 | Build | Mining Camp |
| 26:52 | Build | Castle |
| 26:53 | Build | Mining Camp |
| 27:02 | Create | Villager (Male) |
| 27:16 | Build | Farm |
| 27:19 | Build | Farm |
| 27:23 | Build | Farm |
| 27:29 | Build | Farm |
| 27:37 | Build | Mining Camp |
| 27:42 | Create | Villager (Male) ×5 |
| 27:47 | Build | House |
| 27:48 | Build | House |
| 28:01 | Build | House |
| 28:02 | Build | House |
| 28:11 | Build | House |
| 28:12 | Build | House |
| 28:24 | Build | Farm |
| 28:57 | Create | Villager (Male) |
| 29:02 | Build | Farm |
| 29:06 | Build | Farm |
| 29:12 | Build | Farm |
| 29:17 | Build | Farm |
| 29:21 | Create | Villager (Male) ×5 |
| 29:26 | Create | Villager (Male) |
| 29:26 | Create | Villager (Male) |
| 29:26 | Create | Villager (Male) |
| 29:27 | Create | Villager (Male) |
| 29:34 | Build | Castle |
| 29:37 | Create | Throwing Axeman |
| 30:10 | Create | Villager (Male) ×3 |
| 30:17 | Build | Mining Camp |
| 31:19 | Create | Villager (Male) |
| 31:19 | Create | Villager (Male) |
| 31:23 | Build | Farm |
| 31:27 | Build | Mill |
| 31:28 | Build | Farm |
| 31:32 | Build | Farm |
| 31:36 | Build | Farm |
| 31:42 | Build | Mill |
| 31:44 | Build | Farm |
| 31:49 | Build | Farm |
| 31:52 | Build | Farm |
| 31:58 | Build | Farm |
| 32:05 | Research | Imperial Age |
| 32:24 | Build | Stable |
| 32:25 | Build | Stable |
| 32:46 | Create | Villager (Male) ×5 |
| 32:54 | Build | Lumber Camp |
| 32:58 | Create | Villager (Male) |
| 33:05 | Create | Throwing Axeman ×4 |
| 33:05 | Create | Throwing Axeman ×4 |
| 33:42 | Build | Mining Camp |
| 34:07 | Build | Siege Workshop |
| 34:17 | Create | Villager (Male) |
| 34:17 | Create | Villager (Male) |
| 34:28 | Build | Farm |
Build order — estebanpa
First 150 of 715 actions detected
| 0:01 | Create | Villager (Male) |
| 0:02 | Create | Villager (Male) |
| 0:02 | Create | Villager (Male) |
| 0:05 | Build | House |
| 0:08 | Build | House |
| 0:10 | Create | Villager (Male) |
| 0:11 | Create | Villager (Male) |
| 1:25 | Create | Villager (Male) |
| 2:02 | Create | Villager (Male) |
| 2:02 | Create | Villager (Male) |
| 2:17 | Create | Villager (Male) |
| 2:17 | Create | Villager (Male) |
| 2:48 | Create | Villager (Male) |
| 2:49 | Create | Villager (Male) |
| 3:06 | Build | House |
| 3:19 | Build | Lumber Camp |
| 3:24 | Create | Villager (Male) |
| 3:56 | Create | Villager (Male) |
| 3:56 | Create | Villager (Male) |
| 4:16 | Create | Villager (Male) |
| 4:48 | Create | Villager (Male) |
| 4:48 | Create | Villager (Male) |
| 5:36 | Build | Mill |
| 5:39 | Create | Villager (Male) |
| 5:50 | Create | Villager (Male) |
| 6:09 | Build | House |
| 6:11 | Build | House |
| 6:43 | Create | Villager (Male) |
| 6:45 | Create | Villager (Male) |
| 7:23 | Create | Villager (Male) |
| 7:56 | Research | Feudal Age |
| 8:02 | Create | Villager (Male) |
| 9:01 | Build | Mining Camp |
| 9:09 | Build | Mining Camp |
| 10:08 | Age | Feudal Age |
| 10:11 | Create | Villager (Male) |
| 10:13 | Create | Villager (Male) |
| 10:50 | Create | Villager (Male) |
| 10:57 | Research | Double-Bit Axe |
| 11:02 | Research | Stone Mining |
| 11:19 | Create | Villager (Male) |
| 11:23 | Research | Horse Collar |
| 11:38 | Build | House |
| 11:40 | Build | House |
| 11:41 | Build | House |
| 11:50 | Create | Villager (Male) |
| 12:13 | Create | Villager (Male) |
| 12:34 | Build | Farm |
| 12:34 | Build | Farm |
| 12:34 | Build | Farm |
| 12:35 | Build | Farm |
| 12:35 | Build | Farm |
| 12:35 | Build | Farm |
| 12:36 | Build | Farm |
| 12:44 | Create | Villager (Male) |
| 12:55 | Build | Farm |
| 12:55 | Build | Farm |
| 12:56 | Build | Farm |
| 12:56 | Build | Farm |
| 12:56 | Build | Farm |
| 13:08 | Create | Villager (Male) |
| 13:20 | Create | Villager (Male) |
| 13:34 | Build | Farm |
| 13:34 | Build | Farm |
| 13:34 | Build | Farm |
| 13:35 | Build | Farm |
| 13:36 | Build | Farm |
| 13:36 | Build | Farm |
| 13:40 | Build | Farm |
| 13:40 | Build | Farm |
| 13:40 | Build | Farm |
| 14:00 | Build | Farm |
| 14:03 | Build | Farm |
| 14:20 | Build | Farm |
| 14:32 | Create | Villager (Male) |
| 14:32 | Create | Villager (Male) |
| 14:33 | Create | Villager (Male) |
| 14:48 | Create | Villager (Male) |
| 15:00 | Build | House |
| 15:01 | Build | House |
| 15:03 | Build | House |
| 15:05 | Build | House |
| 15:06 | Build | House |
| 15:08 | Create | Villager (Male) |
| 15:18 | Create | Villager (Male) |
| 15:29 | Build | Barracks |
| 15:50 | Research | Gold Mining |
| 15:56 | Create | Villager (Male) |
| 16:05 | Build | Blacksmith |
| 16:31 | Create | Villager (Male) |
| 16:44 | Build | Stable |
| 16:47 | Build | Stable |
| 16:59 | Create | Villager (Male) |
| 17:17 | Build | Stable |
| 17:27 | Create | Villager (Male) |
| 17:59 | Build | House |
| 18:01 | Build | House |
| 18:02 | Build | House |
| 18:04 | Build | House |
| 18:07 | Build | House |
| 18:08 | Build | House |
| 18:10 | Build | House |
| 18:12 | Build | House |
| 18:14 | Build | House |
| 18:19 | Research | Castle Age |
| 18:36 | Build | Lumber Camp |
| 18:51 | Research | Bloodlines |
| 19:17 | Build | Mill |
| 19:19 | Build | Farm |
| 19:19 | Build | Farm |
| 19:19 | Build | Farm |
| 19:20 | Build | Farm |
| 19:20 | Build | Farm |
| 19:24 | Build | Farm |
| 19:26 | Build | Farm |
| 19:49 | Create | Villager (Male) |
| 19:50 | Create | Villager (Male) |
| 19:56 | Build | Farm |
| 19:56 | Build | Farm |
| 19:57 | Build | Farm |
| 20:17 | Create | Villager (Male) |
| 20:23 | Create | Scout Cavalry |
| 20:28 | Research | Scale Barding Armor |
| 20:32 | Create | Scout Cavalry |
| 21:02 | Create | Villager (Male) |
| 21:22 | Age | Castle Age |
| 21:34 | Research | Chain Barding Armor |
| 21:37 | Research | Light Cavalry (upgrade) |
| 21:42 | Create | Villager (Male) |
| 21:53 | Build | Monastery |
| 21:58 | Build | Monastery |
| 22:00 | Build | Monastery |
| 22:04 | Build | House |
| 22:06 | Build | House |
| 22:13 | Create | Villager (Male) |
| 22:14 | Create | Villager (Male) |
| 22:17 | Create | Villager (Male) |
| 22:21 | Create | Missionary |
| 22:39 | Create | Missionary |
| 22:53 | Create | Villager (Male) |
| 22:54 | Create | Villager (Male) |
| 23:04 | Create | Missionary |
| 23:24 | Create | Missionary |
| 23:36 | Create | Missionary |
| 23:48 | Create | Villager (Male) |
| 24:06 | Create | Knight |
| 24:52 | Create | Knight |
| 24:56 | Create | Villager (Male) |
| 24:56 | Create | Villager (Male) |
| 26:57 | Create | Villager (Male) |
Build order — Casy2210
First 150 of 579 actions detected
| 0:03 | Build | House |
| 0:06 | Build | House |
| 0:08 | Create | Villager (Male) |
| 0:23 | Create | Villager (Male) |
| 0:34 | Create | Villager (Male) |
| 0:58 | Create | Villager (Male) |
| 1:47 | Create | Villager (Male) |
| 2:03 | Build | Lumber Camp |
| 2:30 | Create | Villager (Male) |
| 3:01 | Create | Villager (Male) |
| 3:48 | Create | Villager (Male) |
| 4:09 | Create | Villager (Male) |
| 4:18 | Build | House |
| 4:27 | Build | Mill |
| 4:50 | Create | Villager (Male) |
| 5:00 | Create | Villager (Male) |
| 5:27 | Create | Villager (Male) |
| 6:36 | Create | Villager (Male) |
| 6:56 | Build | House |
| 7:12 | Create | Villager (Male) |
| 7:35 | Build | Farm |
| 7:39 | Create | Villager (Male) |
| 7:51 | Build | House |
| 8:04 | Research | Loom |
| 8:12 | Build | Farm |
| 8:31 | Build | House |
| 8:48 | Research | Feudal Age |
| 9:14 | Build | Lumber Camp |
| 9:15 | Create | Villager (Male) |
| 10:18 | Create | Villager (Male) |
| 10:58 | Age | Feudal Age |
| 11:01 | Create | Villager (Male) |
| 11:30 | Build | Blacksmith |
| 11:35 | Build | Mining Camp |
| 11:38 | Create | Villager (Male) |
| 11:43 | Research | Horse Collar |
| 11:46 | Research | Double-Bit Axe |
| 12:14 | Create | Villager (Male) |
| 12:28 | Create | Villager (Male) |
| 13:15 | Build | Farm |
| 13:31 | Build | Market |
| 13:39 | Create | Villager (Male) |
| 13:40 | Create | Villager (Male) |
| 13:54 | Build | Farm |
| 14:15 | Build | Farm |
| 14:23 | Create | Villager (Male) |
| 14:42 | Build | House |
| 14:44 | Build | House |
| 14:49 | Build | Farm |
| 14:50 | Build | Farm |
| 14:52 | Build | Farm |
| 15:17 | Create | Villager (Male) |
| 15:18 | Create | Villager (Male) |
| 15:51 | Build | Mill |
| 15:56 | Create | Villager (Male) |
| 16:29 | Build | Mining Camp |
| 16:34 | Create | Villager (Male) |
| 16:42 | Build | Farm |
| 16:42 | Build | Farm |
| 16:43 | Build | Farm |
| 16:44 | Build | Farm |
| 17:16 | Create | Villager (Male) |
| 17:44 | Research | Castle Age |
| 18:12 | Build | Barracks |
| 19:02 | Create | Villager (Male) |
| 19:19 | Build | Stable |
| 20:24 | Age | Castle Age |
| 20:37 | Create | Villager (Male) |
| 20:49 | Create | Knight |
| 20:50 | Create | Knight |
| 21:00 | Build | Stable |
| 21:04 | Build | Stable |
| 21:11 | Create | Villager (Male) |
| 21:30 | Build | Town Center |
| 21:44 | Build | Town Center |
| 22:04 | Build | Farm |
| 22:05 | Create | Villager (Male) |
| 22:05 | Create | Villager (Male) |
| 22:09 | Research | Heavy Plow |
| 22:13 | Research | Bow Saw |
| 22:22 | Research | Forging |
| 22:27 | Research | Scale Barding Armor |
| 22:35 | Create | Villager (Male) |
| 22:42 | Build | Farm |
| 22:57 | Create | Villager (Male) |
| 22:57 | Create | Villager (Male) |
| 22:59 | Create | Villager (Male) |
| 23:12 | Build | House |
| 23:14 | Build | House |
| 23:15 | Build | House |
| 23:17 | Create | Villager (Male) |
| 23:21 | Create | Villager (Male) |
| 23:43 | Create | Villager (Male) |
| 23:44 | Create | Villager (Male) |
| 23:55 | Research | Bloodlines |
| 23:58 | Research | Iron Casting |
| 24:32 | Create | Villager (Male) |
| 24:34 | Create | Villager (Male) |
| 24:35 | Create | Villager (Male) |
| 24:49 | Build | Monastery |
| 24:57 | Build | Mining Camp |
| 25:00 | Create | Villager (Male) |
| 25:01 | Create | Villager (Male) |
| 25:02 | Create | Villager (Male) |
| 25:09 | Build | Farm |
| 25:39 | Create | Knight |
| 25:40 | Create | Knight |
| 25:40 | Create | Knight |
| 25:40 | Create | Knight |
| 25:41 | Create | Knight |
| 25:59 | Create | Monk |
| 26:21 | Research | Chain Barding Armor |
| 26:25 | Create | Knight |
| 26:25 | Create | Knight |
| 26:25 | Create | Knight |
| 26:38 | Build | Farm |
| 26:48 | Build | Farm |
| 26:49 | Build | Farm |
| 26:50 | Build | Farm |
| 26:54 | Build | Farm |
| 26:55 | Build | Farm |
| 27:11 | Build | Castle |
| 27:20 | Create | Knight |
| 27:21 | Create | Knight |
| 27:23 | Create | Knight |
| 27:24 | Create | Villager (Male) |
| 27:25 | Create | Villager (Male) |
| 27:25 | Create | Villager (Male) |
| 27:26 | Create | Villager (Male) |
| 31:26 | Create | Villager (Male) |
| 31:26 | Create | Villager (Male) |
| 31:26 | Create | Villager (Male) |
| 31:29 | Research | Imperial Age |
| 32:18 | Research | Town Watch |
| 32:34 | Create | Janissary |
| 32:34 | Create | Janissary |
| 32:35 | Create | Janissary |
| 32:35 | Create | Janissary |
| 32:35 | Create | Janissary |
| 32:35 | Create | Janissary |
| 32:36 | Create | Janissary |
| 32:36 | Create | Janissary |
| 33:23 | Build | Castle |
| 33:33 | Create | Villager (Male) |
| 33:33 | Create | Villager (Male) |
| 33:34 | Create | Villager (Male) |
| 33:34 | Create | Villager (Male) |
| 33:56 | Research | Fletching |
| 33:59 | Research | Padded Archer Armor |
| 34:17 | Create | Janissary |
Build order — Seraphine
First 150 of 725 actions detected
| 0:09 | Create | Villager (Male) ×4 |
| 0:09 | Create | Villager (Male) ×4 |
| 0:24 | Build | House |
| 1:13 | Build | House |
| 1:58 | Create | Villager (Male) |
| 1:58 | Create | Villager (Male) |
| 2:51 | Create | Villager (Male) |
| 3:12 | Create | Villager (Male) |
| 4:08 | Create | Villager (Male) ×2 |
| 4:14 | Create | Villager (Male) |
| 4:14 | Create | Villager (Male) |
| 5:08 | Create | Villager (Male) |
| 5:09 | Create | Villager (Male) |
| 6:36 | Build | House |
| 6:38 | Build | House |
| 6:39 | Build | House |
| 7:01 | Build | Mill |
| 7:46 | Create | Villager (Male) |
| 7:48 | Create | Villager (Male) |
| 8:15 | Create | Villager (Male) |
| 8:58 | Create | Villager (Male) |
| 9:02 | Create | Villager (Male) |
| 9:16 | Build | Mill |
| 10:10 | Create | Villager (Male) |
| 10:12 | Create | Villager (Male) |
| 10:42 | Create | Villager (Male) |
| 10:59 | Build | Lumber Camp |
| 11:19 | Create | Villager (Male) |
| 11:34 | Create | Villager (Male) |
| 12:08 | Create | Villager (Male) |
| 12:28 | Create | Villager (Male) |
| 12:52 | Research | Feudal Age |
| 13:03 | Build | Farm |
| 13:08 | Build | Farm |
| 13:14 | Build | House |
| 13:17 | Build | House |
| 13:33 | Build | Farm |
| 13:46 | Build | Farm |
| 13:51 | Build | Farm |
| 13:58 | Build | Farm |
| 14:04 | Build | Farm |
| 14:18 | Create | Villager (Male) |
| 14:19 | Create | Villager (Male) |
| 14:20 | Create | Villager (Male) |
| 14:22 | Create | Villager (Male) |
| 14:24 | Create | Villager (Male) |
| 14:35 | Build | Farm |
| 14:46 | Build | Farm |
| 15:02 | Age | Feudal Age |
| 15:08 | Build | Farm |
| 15:28 | Build | Farm |
| 15:33 | Build | Mining Camp |
| 16:04 | Create | Villager (Male) |
| 16:17 | Create | Villager (Male) |
| 16:29 | Build | Farm |
| 16:39 | Build | Farm |
| 16:46 | Build | Farm |
| 16:54 | Create | Villager (Male) |
| 17:43 | Create | Villager (Male) |
| 18:01 | Create | Villager (Male) |
| 18:09 | Build | House |
| 18:13 | Build | House |
| 18:15 | Build | House |
| 18:39 | Build | Market |
| 18:49 | Build | Blacksmith |
| 18:55 | Create | Villager (Male) |
| 19:11 | Create | Villager (Male) |
| 19:17 | Create | Villager (Male) |
| 19:57 | Build | Mining Camp |
| 20:07 | Research | Castle Age |
| 21:24 | Research | Double-Bit Axe |
| 21:28 | Research | Horse Collar |
| 21:33 | Research | Stone Mining |
| 21:43 | Research | Gold Mining |
| 22:09 | Create | Villager (Male) |
| 22:10 | Create | Villager (Male) |
| 22:11 | Create | Villager (Male) |
| 22:12 | Create | Villager (Male) |
| 22:13 | Create | Villager (Male) |
| 22:34 | Build | Stable |
| 23:07 | Age | Castle Age |
| 23:16 | Build | Town Center |
| 23:49 | Build | Farm |
| 24:09 | Create | Villager (Male) |
| 24:10 | Create | Villager (Male) |
| 24:14 | Create | Villager (Male) |
| 24:15 | Create | Villager (Male) |
| 24:26 | Create | Battle Elephant |
| 24:32 | Create | Battle Elephant |
| 24:44 | Create | Villager (Male) |
| 24:48 | Create | Villager (Male) |
| 24:59 | Create | Battle Elephant |
| 25:14 | Build | Town Center |
| 25:24 | Create | Villager (Male) |
| 25:24 | Create | Villager (Male) |
| 25:36 | Create | Battle Elephant |
| 25:39 | Build | Farm |
| 25:56 | Build | House |
| 25:57 | Build | House |
| 25:59 | Build | House |
| 26:08 | Create | Villager (Male) |
| 26:08 | Create | Villager (Male) |
| 26:11 | Create | Villager (Male) |
| 26:11 | Create | Villager (Male) |
| 26:14 | Create | Villager (Male) |
| 26:24 | Create | Battle Elephant |
| 26:40 | Create | Battle Elephant |
| 26:46 | Build | Farm |
| 26:49 | Build | Farm |
| 26:51 | Build | Farm |
| 26:55 | Create | Villager (Male) |
| 26:56 | Create | Villager (Male) |
| 27:00 | Create | Villager (Male) |
| 27:01 | Create | Villager (Male) |
| 27:05 | Create | Villager (Male) |
| 27:06 | Create | Villager (Male) |
| 27:17 | Build | Town Center |
| 27:26 | Create | Villager (Male) |
| 27:31 | Create | Villager (Male) |
| 27:36 | Create | Villager (Male) |
| 27:45 | Create | Battle Elephant |
| 27:47 | Create | Battle Elephant |
| 27:54 | Build | Farm |
| 28:01 | Build | Farm |
| 28:13 | Build | Farm |
| 28:20 | Build | Farm |
| 28:24 | Create | Villager (Male) |
| 28:26 | Create | Villager (Male) |
| 28:28 | Research | Wheelbarrow |
| 28:33 | Create | Villager (Male) |
| 28:34 | Create | Villager (Male) |
| 28:37 | Create | Villager (Male) |
| 28:37 | Create | Villager (Male) |
| 28:44 | Create | Battle Elephant |
| 28:46 | Create | Battle Elephant |
| 29:45 | Build | Stable |
| 29:49 | Build | Stable |
| 30:01 | Create | Battle Elephant |
| 30:02 | Create | Battle Elephant |
| 30:11 | Research | Hand Cart |
| 30:12 | Research | Town Watch |
| 30:13 | Research | Loom |
| 30:15 | Create | Villager (Male) |
| 30:17 | Create | Villager (Male) |
| 30:23 | Build | House |
| 30:25 | Build | House |
| 30:28 | Build | House |
| 30:31 | Build | House |
| 31:00 | Research | Husbandry |
| 31:06 | Research | Bloodlines |
Match timeline
| 9:07 | Kiddtobvl · first_building Barracks |
| 10:08 | estebanpa · age_up feudal |
| 10:58 | Casy2210 · age_up feudal |
| 11:54 | Kiddtobvl · age_up feudal |
| 12:48 | NDF · first_building Barracks |
| 12:59 | Kiddtobvl · first_building Archery Range |
| 13:00 | NDF · age_up feudal |
| 13:05 | Kiddtobvl · first_building Stable |
| 13:45 | NDF · first_building Archery Range |
| 14:24 | storm chaser629 · age_up feudal |
| 14:39 | Kiddtobvl · first_market_buy 100 food |
| 15:02 | Seraphine · age_up feudal |
| 15:29 | estebanpa · first_building Barracks |
| 16:44 | estebanpa · first_building Stable |
| 17:03 | Kiddtobvl · first_market_sell 100 wood |
| 18:12 | Casy2210 · first_building Barracks |
| 19:19 | Casy2210 · first_building Stable |
| 20:24 | Casy2210 · age_up castle |
| 20:37 | Kiddtobvl · age_up castle |
| 20:51 | storm chaser629 · first_building Barracks |
| 20:58 | NDF · first_market_buy 100 food |
| 21:22 | estebanpa · age_up castle |
| 21:53 | estebanpa · first_building Monastery |
| 22:34 | Seraphine · first_building Stable |
| 22:41 | storm chaser629 · first_building Archery Range |
| 23:01 | storm chaser629 · first_building Stable |
| 23:07 | Seraphine · age_up castle |
| 23:42 | NDF · age_up castle |
| 23:49 | storm chaser629 · age_up castle |
| 24:49 | Casy2210 · first_building Monastery |
| 25:04 | storm chaser629 · first_building Monastery |
| 25:29 | storm chaser629 · first_building Castle |
| 26:14 | Casy2210 · first_market_buy 100 food |
| 26:46 | NDF · first_building Castle |
| 26:52 | Kiddtobvl · first_building Castle |
| 27:11 | Casy2210 · first_building Castle |
| 30:02 | storm chaser629 · wall_segment Stone Wall x3 |
| 30:03 | storm chaser629 · wall_segment Stone Wall x1 |
| 32:16 | storm chaser629 · wall_segment Stone Wall x3 |
| 32:18 | storm chaser629 · wall_segment Stone Wall x3 |
| 32:38 | storm chaser629 · wall_segment Stone Wall x1 |
| 33:20 | storm chaser629 · wall_segment Stone Wall x2 |
| 33:24 | storm chaser629 · wall_segment Stone Wall x1 |
| 33:44 | estebanpa · first_building Castle |
| 34:07 | Kiddtobvl · first_building Siege Workshop |
| 34:42 | estebanpa · age_up imperial |
| 34:51 | storm chaser629 · first_building Siege Workshop |
| 35:01 | Casy2210 · age_up imperial |
| 35:15 | Kiddtobvl · age_up imperial |
| 35:36 | storm chaser629 · wall_segment Stone Wall x5 |
| 35:40 | storm chaser629 · wall_segment Stone Wall x5 |
| 36:01 | Seraphine · first_building Castle |
| 36:04 | Casy2210 · first_building Siege Workshop |
| 36:25 | Seraphine · age_up imperial |
| 37:14 | NDF · first_building Monastery |
| 40:29 | storm chaser629 · wall_segment Stone Wall x1 |
| 40:32 | storm chaser629 · wall_segment Stone Wall x2 |
| 42:20 | storm chaser629 · wall_segment Stone Wall x1 |
| 43:58 | NDF · age_up imperial |
| 44:02 | storm chaser629 · age_up imperial |
| 51:28 | estebanpa · first_market_sell 500 wood |
| 58:47 | estebanpa · first_market_buy 100 stone |
| 65:30 | Seraphine · first_building Barracks |
| 66:05 | Casy2210 · first_market_sell 100 food |
| 67:26 | Seraphine · first_market_sell 100 wood |
| 72:57 | storm chaser629 · wall_segment Stone Wall x4 |
| 73:05 | storm chaser629 · first_market_sell 500 food |
| 73:09 | storm chaser629 · first_market_buy 100 stone |
| 74:15 | storm chaser629 · wall_segment Stone Wall x4 |
| 75:40 | storm chaser629 · wall_segment Stone Wall x4 |
| 76:22 | NDF · resign |
[ AI ANALYSIS · 1 CREDIT ]
What really happened in this match?
Wolo.gg analyzes every decision: build order, eco, micro, common mistakes by bracket. Personalized analysis on WhatsApp or Discord in 30 seconds.
Civ guide
Britons
Map guide
Arena
Perfil
NDF